 Dungeon Crawl Stone Soup version 0.22.1-2-g9c5b331383 (webtiles) character file.

95 McIrco the Shield-Bearer (level 4, 0/29 HPs)
             Began as a Gargoyle Fighter on Jan 7, 2019.
             Slain by a gnoll
             ... wielding a +0 flail
              (1 damage)
             ... on level 2 of the Dungeon.
             The game lasted 00:02:00 (947 turns).

McIrco the Shield-Bearer (Gargoyle Fighter)          Turns: 947, Time: 00:02:00

Health: 0/29       AC: 10    Str: 20    XL:     4   Next: 66%
Magic:  4/4        EV:  7    Int:  8    God:
Gold:   19         SH:  9    Dex: 10    Spells: 3/3 levels left

rFire    . . .     SeeInvis .   a - +0 long sword
rCold    . . .     Gourm    .   c - +0 shield
rNeg     + . .     Faith    .   b - +0 scale mail
rPois    ∞         Spirit   .   (no helmet)
rElec    +         Reflect  .   (no cloak)
rCorr    .         Harm     .   (no gloves)
MR       .....                  (no boots)
Stlth    ..........             (no amulet)
HPRegen  0.09/turn              (no ring)
MPRegen  0.09/turn              (no ring)

@: no status effects
A: negative energy resistance 1, electricity resistance, unbreathing,
petrification resistance, rot immunity, AC +3
a: no special abilities


You were on level 2 of the Dungeon.
You were hungry.

You visited 1 branch of the dungeon, and saw 2 of its levels.

You collected 19 gold pieces.

Inventory:

Hand Weapons
 a - a +0 long sword (weapon)
Armour
 b - a +0 scale mail (worn)
 c - a +0 shield (worn)
Scrolls
 h - 2 scrolls of enchant weapon {unknown}
 i - a scroll of immolation {unknown}
 j - a scroll of remove curse {unknown}
 k - a scroll of amnesia {unknown}
 l - a scroll of noise {unknown}
Potions
 d - 2 potions of might
 e - a potion of lignification {unknown}
 g - a potion of ambrosia {unknown}
 m - a potion of haste {unknown}
Comestibles
 f - 4 rations


   Skills:
 + Level 3.8 Fighting
 + Level 3.0 Long Blades
 + Level 3.7 Armour
 + Level 0.5 Dodging
 + Level 3.9 Shields


You had 3 spell levels left.
You didn't know any spells.
Your spell library was empty.

Dungeon Overview and Level Annotations

Branches:
Dungeon (2/15)

Altars:


Innate Abilities, Weirdness & Mutations

You are resistant to torment.
Your stone body is resilient. (AC +3)
You are immune to poison.
You resist negative energy. (rN+)
You are resistant to electric shocks. (rElec)
You can survive without breathing.
You are immune to petrification.
You are immune to rotting.


Message History

* * * LOW HITPOINT WARNING * * *
The gnoll hits you but does no damage. You block the adder's attack.
The gnoll hits you.
* * * LOW HITPOINT WARNING * * *
Unknown command.
Unknown command.
You closely miss the gnoll.
The gnoll is severely wounded.
The adder barely misses you.
The gnoll hits you but does no damage. x2
The adder bites you but does no damage.
You hit the gnoll.
You kill the gnoll!
Your Long Blades skill increases to level 3!
The adder bites you but does no damage. You block the gnoll's attack.
The adder bites you but does no damage. The gnoll hits you but does no damage.
The adder barely misses you. 2 gnolls come into view.
The gnoll shouts!
The gnoll hits you with a flail.
You die...

.... ..g. ....g ##
.... .## ... ...##
#.######..#..
#...g...#...#
#..@..#...#..
##...#S..#..?#
##..#...#...#...#...#.
#.#...#...#...#...#...
#...#..†#...#...#...#.
#.#...#†..#...#...#...
#...#...#...#...#...#.
#.#..)#...#...#...#...
#...#...#...#...#...#.


You could see 3 gnolls and an adder.

Vanquished Creatures
  Jessica (D:2)
  A gnoll (D:2)
  2 adders (D:2)
  A worm (D:2)
  2 dart slugs (D:1)
  2 giant cockroaches
  5 goblins (D:1)
  3 hobgoblins (D:1)
  3 jackals (D:1)
  A kobold (D:1)
  A ball python (D:1)
  7 bats
  A frilled lizard (D:1)
  9 rats
39 creatures vanquished.

Notes
Turn   | Place    | Note
-------+----------+-------------------------------------------
     0 | D:1      | McIrco the Gargoyle Fighter began the quest for the Orb.
     0 | D:1      | Reached XP level 1. HP: 14/14 MP: 1/1
   127 | D:1      | Reached XP level 2. HP: 19/19 MP: 2/2
   515 | D:1      | Reached XP level 3. HP: 22/24 MP: 3/3
   896 | D:2      | Noticed Jessica
   905 | D:2      | Killed Jessica
   905 | D:2      | Reached XP level 4. HP: 17/29 MP: 4/4
   943 | D:2      | HP: 1/29 [gnoll (5)]
   947 | D:2      | Slain by a gnoll

Skill      XL: |  1  2  3  4 |
---------------+-------------+-----
Long Blades    | 2 3 |  3.0
Fighting       | |  3.8
Armour         | |  3.7
Dodging        | |  0.5
Shields        | |  3.9

Action                   |  1- 3 |  4- 6 || total
-------------------------+-------+-------++-------
Melee: Long sword        |   137 |    19 ||   156
Armor: Scale mail        |    87 |    22 ||   109
Dodge: Dodged            |    38 |    16 ||    54
Block: Shield            |    76 |    14 ||    90
       Rpst.: Long sword |    12 |     4 ||    16
